 Dungeon Crawl Stone Soup version 0.28.0-45-g0d030f2227 (webtiles) character file.

Game seed: 5389289541270310516

153 RascalDebosk the Skirmisher (level 5, -12/47 HPs)
             Began as a Minotaur Berserker on Apr 10, 2022.
             Was a Believer of Trog.
             Killed from afar by Ijyb (38 damage)
             ... with a bolt of acid
             ... on level 3 of the Dungeon.
             The game lasted 00:18:59 (2621 turns).

RascalDebosk the Skirmisher (Minotaur Berserker)    Turns: 2621, Time: 00:19:06

Health: -12/47     AC: 11    Str: 24    XL:     5   Next: 12%
Magic:  4/4        EV: 10    Int:  4    God:    Trog [**....]
Gold:   124        SH:  0    Dex:  9    Spells: 4/4 levels left

rFire   x . .      SeeInvis .   f - +0 mace (drain)
rCold   + + .      Faith    .   (no shield)
rNeg    . . .      Spirit   .   m - +0 ice dragon scales
rPois   .          Reflect  .   (helmet restricted)
rElec   .          Harm     .   h - +0 cloak
rCorr   .          Rampage  .   (no gloves)
Will    .....                   (no boots)
Stlth   ..........              b - amulet of regeneration
HPRegen 0.95/turn               (no ring)
MPRegen 0.09/turn               (no ring)

@: no status effects
A: horns 2, retaliatory headbutt
a: Renounce Religion, Berserk, Trog's Hand


You were on level 3 of the Dungeon.
You worshipped Trog.
Trog was pleased with you.
You visited 1 branch of the dungeon, and saw 3 of its levels.

You collected 124 gold pieces.

Inventory:

Hand Weapons
 a - a +0 hand axe
 f - a +0 mace of draining (weapon)
Missiles
 s - 5 poisoned darts (quivered)
Armour
 h - a +0 cloak (worn)
 m - +0 ice dragon scales (worn)
 q - a +0 chain mail
 r - a scarf of repulsion
Jewellery
 b - an amulet of regeneration (around neck)
Scrolls
 g - 2 scrolls of teleportation {unknown}
 i - a scroll of fog {unknown}
 k - 3 scrolls of identify {unknown}
Potions
 c - 2 potions of attraction {unknown}
 d - 2 potions of mutation {unknown}
 e - a potion of cancellation {unknown}
 j - a potion of resistance {unknown}
 l - a potion of brilliance {unknown}
 n - 2 potions of curing {unknown}
 o - a potion of degeneration {unknown}
 p - a potion of invisibility {unknown}


   Skills:
 + Level 4.7 Fighting
 + Level 4.7 Axes
 + Level 3.8 Armour
 + Level 3.4 Dodging


You had 4 spell levels left.
You didn't know any spells.
Your spell library was empty.

Dungeon Overview and Level Annotations

Branches:
Dungeon (3/15)

Altars:
Cheibriados
Elyvilon

Annotations:
D:3 Ijyb


Innate Abilities, Weirdness & Mutations

You have a pair of horns on your head.
You reflexively headbutt those who attack you in melee.


Message History

You start putting on your amulet.
You continue putting on your amulet of regeneration. x5
You finish putting on your amulet of regeneration.
The amulet throbs as it attunes itself to your uninjured body.
b - an amulet of regeneration (around neck)
Found an escape hatch in the floor.
You see here 5 poisoned darts.
s - 5 poisoned darts An adder comes into view.
The adder hisses angrily.
Ijyb the Twisted Goblin comes into view.
She is wielding a +0 dagger and carrying a wand of acid (8).
Ijyb shouts!
Found a stone staircase leading down.
You closely miss the adder.
The adder bites you but does no damage. x2
You closely miss the adder. Ijyb screams, "I dance on your bones!"
The adder bites you but does no damage.
You miss the adder. The adder misses you.
The adder bites you but does no damage. Ijyb hits you but does no damage.
You hit the adder. You drain the adder. Your headbutt misses the adder.
The adder is almost dead.
The adder bites you.
Ijyb zaps a wand.
The bolt of acid hits you!!
Ouch! That really hurt!
You miss the adder.
The adder is almost dead.
The adder closely misses you. You furiously retaliate!
You headbutt the adder.
You kill the adder!
Trog accepts your kill. Ijyb hits you but does no damage.
You hit Ijyb. You drain Ijyb.
Ijyb is moderately wounded.
Ijyb zaps a wand.
The bolt of acid hits you but does no damage.
You hit Ijyb but do no damage. You drain Ijyb.
Ijyb is moderately wounded.
Ijyb hits you but does no damage. Ijyb screams, "I dance on your bones!"
Ijyb zaps a wand.
The bolt of acid hits you!!!
Ouch! That really hurt!
You die...

#..# ## #. #.
###########> #.
#........... #.#.
#.#.#####.####......
#.#.
#.>.........@..#
#>#.
########..###g##
#.#. #..# .# #.#.
#..# ..# #.#.
##..####.# #.#.
#####........# #.#.
#......P.....# #...
#.##.....♣...# ###.
#.........♣..# ##


You could see Ijyb (drained).

Vanquished Creatures
  Terence (D:3)
  4 adders
  4 worms
  2 dart slugs
  An orc (D:3)
  2 endoplasms
  4 giant cockroaches
  9 goblins
  6 hobgoblins
  6 jackals
  9 kobolds
  A quokka (D:1)
  4 ball pythons
  10 bats
  2 frilled lizards
  5 rats (D:1)
70 creatures vanquished.

Vanquished Creatures (others)
  5 fungi (D:3)
  2 plants (D:3)
7 creatures vanquished.

Grand Total: 77 creatures vanquished

Notes
Turn   | Place    | Note
-------+----------+-------------------------------------------
     0 | D:1      | RascalDebosk the Minotaur Berserker began the quest for the
                  | Orb.
     0 | D:1      | Reached XP level 1. HP: 19/19 MP: 0/0
   419 | D:1      | Reached XP level 2. HP: 22/27 MP: 1/1
  1074 | D:1      | Reached XP level 3. HP: 33/33 MP: 2/2
  1210 | D:1      | Reached ** piety under Trog
  1622 | D:2      | Reached XP level 4. HP: 41/41 MP: 3/3
  2144 | D:3      | Noticed Terence
  2159 | D:3      | Killed Terence
  2530 | D:3      | Found a snail-covered altar of Cheibriados.
  2533 | D:3      | Found a white marble altar of Elyvilon.
  2556 | D:3      | Reached XP level 5. HP: 47/47 MP: 4/4
  2576 | D:3      | Found a faded altar of an unknown god.
  2613 | D:3      | Noticed Ijyb
  2621 | D:3      | Killed from afar by Ijyb

Illustrated notes

Levels and vault maps discovered:
D:1:      amcnicky_arrival_blooded_trapdoor, layout_loops_corners,
          minmay_unequal
D:2:      layout_rooms, minmay_pentomino_r2
D:3:      layout_loops_ring, nzn_hepliaklqana_mist_gate,
          grunt_temple_overflow_open, gammafunk_temple_overflow_forgotten,
          dreamdust_ecumenical_altar_grove, amcnicky_mini_corridor_feature,
          uniq_ijyb, uniq_terence

Skill      XL: |  1  2  3 |
---------------+----------+-----
Axes           | 4 |  4.7
Fighting       | 4 |  4.7
Armour         | 3 |  3.8
Dodging        | 3 |  3.4

Action                   |  1- 3 |  4- 6 || total
-------------------------+-------+-------++-------
Melee: Hand axe          |    26 |       ||    26
       Headbutt          |     8 |     4 ||    12
       Punch             |     1 |       ||     1
       Mace              |    68 |    61 ||   129
Armor: Scale mail        |    23 |       ||    23
       Animal skin       |     6 |       ||     6
       Ice dragon scales |     4 |    42 ||    46
Dodge: Dodged            |    71 |    49 ||   120
